 Dungeon Crawl Stone Soup version 0.32-a0-818-gb728d0252e (webtiles) character file.

Game seed: 13277193372651163965

464223 dialectric the Warrior (level 22, -10/185 (201) HPs)
             Began as a Demonspawn Wanderer on Mar 23, 2024.
             Was the Champion of Jiyva.
             Hit by a large rock thrown by a stone giant (19 damage)
             ... on level 3 of the Depths on Mar 25, 2024.
             The game lasted 01:45:51 (43338 turns).

dialectric the Warrior (Demonspawn Wanderer)       Turns: 43338, Time: 01:45:51

HP:   -10/185 (201) AC: 25    Str: 30    XL:     22   Next: 60%
MP:   39/39         EV: 29    Int: 22    God:    Jiyva [******]
Gold: 691           SH: 18    Dex: 28    Spells: 34/47 levels left

rFire   + + +        J - +10 falchion of Tiuhugi {heavy, rC+ rCorr Str+4}
rCold   + + +        a - +3 kite shield {AC+3}
rNeg    . . .        c - quicksilver dragon scales
rPois   .            (helmet unavailable)
rElec   +            W - +2 cloak "Jumir" {rC+ Regen+ Int+3}
rCorr   +            (no gloves)
SInv    +            V - +3 pair of seven-league boots {Rampage+∞}
Will    +++++        q - amulet of Hesest {Acrobat *Slow rElec Will+++ Dex+2}
Stlth   +++          F - ring "Xiczits" {+Blink Str+3 Dex+6 SInv}
HPRegen 2.90/turn    E - ring "Adwu" {rF+ EV+5 Int+3 Stlth+}
MPRegen 1.06/turn

%: slow self (1%), acrobat, rampage+∞, wizardry (x1)
@: studying Short Blades, drained
A: antennae 3, ignite blood 3, spiny 3, big brain 3, demonic willpower, agile 1,
cold resistance 2, fire resistance 3, robust 1, strong 1, wild magic 2,
gelatinous body 3, pseudopods 1, jelly sensing items, engulf
}: 4/15 runes: serpentine, barnacled, slimy, silver
a: Renounce Religion, Evoke Blink, Oozemancy, Slimify


You were on level 3 of the Depths.
You worshipped Jiyva.
Jiyva was exalted by your worship.
You visited 11 branches of the dungeon, and saw 48 of its levels.
You also visited: Sewer, Ossuary, Gauntlet, Ice Cave, Volcano and Wizlab.

You collected 4150 gold pieces.
You spent 3459 gold pieces at shops.

Inventory:

Hand Weapons
 J - the +10 falchion of Tiuhugi (weapon) {heavy, rC+ rCorr Str+4}
   (You found it on level 5 of the Pits of Slime)

   Str+4:     It affects your strength (+4).
   rC+:       It protects you from cold.
   rCorr:     It protects you from acid and corrosion.
 K - a +9 demon trident of distortion
 L - the +7 arbalest "Baatix" {freeze, rElec Will+ Str+4}
   (You found it on level 3 of the Elven Halls)

   Str+4:     It affects your strength (+4).
   rElec:     It insulates you from electricity.
   Will+:     It increases your willpower.
Armour
 a - a +3 kite shield of protection (worn)
 c - quicksilver dragon scales (worn)
 e - the +7 chain mail of the Engineer {Str+3 Int+5 Dex-2}
   (You found it on level 2 of the Depths)

   Str+3:     It affects your strength (+3).
   Int+5:     It affects your intelligence (+5).
   Dex-2:     It affects your dexterity (-2).
 u - +3 storm dragon scales {Bai Suzhen}
 A - the +4 ring mail of Wu Jian's Castigation {rN++}
   (You found it in a Gauntlet)

   rN++:      It greatly protects you from negative energy.
 V - the +3 pair of seven-league boots (worn) {Rampage+∞}
   (You found it on level 5 of the Lair of Beasts)

   Rampage+∞: When moving toward enemies, its wearer moves as far as possible,
   alerting their target en route.
 W - the +2 cloak "Jumir" (worn) {rC+ Regen+ Int+3}
   (You found it in a Gauntlet)

   Int+3:     It affects your intelligence (+3).
   rC+:       It protects you from cold.
   Regen+:    It increases your rate of health regeneration.
Jewellery
 f - a +4 ring of protection
 q - the amulet of Hesest (around neck) {Acrobat *Slow rElec Will+++ Dex+2}
   (You found it on level 8 of the Dungeon)

   [amulet of the acrobat]

   Acrobat:   It increases your evasion while moving and waiting.
   Dex+2:     It affects your dexterity (+2).
   rElec:     It insulates you from electricity.
   Will+++:   It greatly increases your willpower.
   *Slow:     It may slow you when you take damage.
 t - the ring of Rationality {EV+5 Str+3 Dex+2}
   (You found it on level 1 of the Depths)

   [ring of evasion]

   EV+5:      It affects your evasion (+5).
   Str+3:     It affects your strength (+3).
   Dex+2:     It affects your dexterity (+2).
 x - a ring of flight
 E - the ring "Adwu" (right hand) {rF+ EV+5 Int+3 Stlth+}
   (You bought it in a shop on level 4 of the Snake Pit)

   [ring of evasion]

   EV+5:      It affects your evasion (+5).
   Int+3:     It affects your intelligence (+3).
   rF+:       It protects you from fire.
   Stlth+:    It makes you more stealthy.
 F - the ring "Xiczits" (left hand) {+Blink Str+3 Dex+6 SInv}
   (You bought it in a shop on level 3 of the Elven Halls)

   [ring of dexterity]

   Str+3:     It affects your strength (+3).
   Dex+6:     It affects your dexterity (+6).
   SInv:      It lets you see invisible.
   +Blink:    It lets you blink.
 H - the ring "Yshy" {rN+ Will++ Int+5 Dex-2}
   (You found it on level 5 of the Pits of Slime)

   [ring of positive energy]

   Int+5:     It affects your intelligence (+5).
   Dex-2:     It affects your dexterity (-2).
   rN+:       It protects you from negative energy.
   Will++:    It greatly increases your willpower.
 M - the ring of Wuhejoips {rPois rN+ Will+ SInv}
   (You took it off a vault sentinel on level 5 of the Vaults)

   [ring of positive energy]

   rPois:     It protects you from poison.
   rN+:       It protects you from negative energy.
   Will+:     It increases your willpower.
   SInv:      It lets you see invisible.
 Q - the ring "Qycvony" {rPois rCorr Dex+3}
   (You found it on level 5 of the Vaults)

   [ring of resist corrosion]

   Dex+3:     It affects your dexterity (+3).
   rPois:     It protects you from poison.
   rCorr:     It protects you from acid and corrosion.
 Y - a +6 ring of strength
Wands
 b - a wand of flame (23)
 w - a wand of digging (17)
 G - a wand of acid (18)
 N - a wand of paralysis (27)
 S - a wand of roots (17)
 T - a wand of mindburst (19)
Scrolls
 j - 4 scrolls of summoning
 l - 2 scrolls of blinking
 p - 2 scrolls of fog
 r - 5 scrolls of revelation
 s - 2 scrolls of fear
 y - a scroll of silence
 z - 7 scrolls of teleportation
 C - 3 scrolls of immolation
 O - a scroll of brand weapon
Potions
 h - 6 potions of resistance
 i - 5 potions of mutation
 k - 5 potions of might
 m - 10 potions of haste
 n - 6 potions of brilliance
 o - 4 potions of lignification
 v - 2 potions of ambrosia
 B - 7 potions of curing
 D - 3 potions of attraction
 I - 2 potions of heal wounds
 P - 2 potions of enlightenment
 R - 2 potions of cancellation
 X - 2 potions of invisibility
Miscellaneous
 d - a phial of floods
 g - a phantom mirror
 U - a sack of spiders
 Z - a lightning rod (4/4)


   Skills:
 + Level 17.7 Fighting
 + Level 6.0(12.1) Short Blades
 * Level 16.2(16.6) Long Blades
 - Level 9.2 Polearms
 - Level 11.3 Ranged Weapons
 - Level 16.1 Armour
 - Level 11.1 Dodging
 + Level 13.0 Shields
 + Level 13.3 Spellcasting
 - Level 11.1 Summonings
 + Level 10.9 Fire Magic
 - Level 2.1 Evocations


You had 34 spell levels left.
You knew the following spells:

 Your Spells              Type           Power      Damage    Failure   Level
a - Summon Blazeheart Go  Fire/Summ      79%        N/A       1%          4
b - Summon Cactus Giant   Summ           40%        N/A       11%         6
c - Inner Flame           Hex/Fire       58%        N/A       3%          3

Your spell library contained the following spells:

 Spells                   Type           Power      Damage    Failure   Level
 Foxfire                  Conj/Fire      100%       2x1d9     1%          1
 Summon Small Mammal      Summ           100%       N/A       1%          1
 Call Imp                 Summ           100%       N/A       1%          2
 Scorch                   Fire           100%       2d9       1%          2
 Call Canine Familiar     Summ           80%        N/A       1%          3
 Summon Ice Beast         Ice/Summ       58%        N/A       3%          3
 Volatile Blastmotes      Fire/Tloc      100%       2d18      3%          3
 Magic Dart               Conj           92%        1d7       8%          1
 Sandblast                Erth           46%        2d11      8%          1
 Sting                    Conj/Alch      92%        1d8       8%          1
 Animate Armour           Summ/Erth      100%       N/A       8%          4
 Flame Wave               Conj/Fire      58%        2d14      8%          4
 Summon Lightning Spire   Summ/Air       58%        N/A       8%          4
 Ensorcelled Hibernation  Hex/Ice        46%        N/A       10%         2
 Lesser Beckoning         Tloc           46%        N/A       10%         2
 Mercury Vapours          Alch/Air       46%        N/A       10%         2
 Searing Ray              Conj           46%        2d6       10%         2
 Static Discharge         Conj/Air       46%        3-5/arc   10%         2
 Sublimation of Blood     Necr           23%        N/A       10%         2
 Summon Forest            Summ/Tloc      29%        N/A       16%         5
 Summon Mana Viper        Hex/Summ       58%        N/A       16%         5
 Fugue of the Fallen      Necr           23%        N/A       17%         3
 Gell's Gravitas          Tloc           23%        N/A       17%         3
 Hailstorm                Conj/Ice       23%        3d7       17%         3
 Ozocubu's Armour         Ice            23%        N/A       17%         3
 Sigil of Binding         Hex            23%        N/A       17%         3
 Stone Arrow              Conj/Erth      46%        3d9       17%         3
 Teleport Other           Tloc           23%        N/A       17%         3
 Tukima's Dance           Hex            23%        N/A       17%         3
 Monstrous Menagerie      Summ           40%        N/A       38%         7
 Summon Hydra             Summ           40%        N/A       38%         7
 Anguish                  Hex/Necr       11%        N/A       45%         4
 Brom's Barrelling Bould  Conj/Erth      23%        2d4       45%         4
 Dimensional Bullseye     Hex/Tloc       11%        N/A       45%         4
 Fulminant Prism          Conj/Alch      11%        3d8       45%         4
 Iskenderun's Mystic Bla  Conj/Tloc      23%        2d6       45%         4
 Leda's Liquefaction      Alch/Erth      11%        N/A       45%         4
 Manifold Assault         Tloc           23%        N/A       45%         4
 Olgreb's Toxic Radiance  Alch           23%        N/A       45%         4
 Passage of Golubria      Tloc           23%        N/A       45%         4
 Petrify                  Alch/Erth      23%        N/A       45%         4
 Vhi's Electric Charge    Tloc/Air       46%        N/A       45%         4
 Plasma Beam              Fire/Air       29%        2x1d41    58%         6
 Starburst                Conj/Fire      29%        6d9       58%         6
 Arcjolt                  Conj/Air       11%        1d21      75%         5
 Freezing Cloud           Conj/Ice/Air   11%        6-21      75%         5
 Irradiate                Conj/Alch      11%        3d15      75%         5
 Metabolic Englaciation   Hex/Ice        11%        N/A       75%         5
 Yara's Violent Unravell  Hex/Alch       11%        3d6       75%         5
 Bombard                  Conj/Erth      11%        9d3       99%         6
 Maxwell's Capacitive Co  Air            11%        ∞         100%        8
 Chain Lightning          Conj/Air       11%        3d15      100%        9


Dungeon Overview and Level Annotations

Branches:
Dungeon (15/15)            Temple (0/1) D:7            Lair (5/5) D:10
 Shoals (4/4) Lair:2        Snake (4/4) Lair:2        Slime (5/5) Lair:5
    Orc (2/2) D:12            Elf (3/3) Orc:2        Vaults (5/5) D:14
  Crypt (1/3) Vaults:3     Depths (3/4) D:15           Hell (visited)
    Coc (0/7) Hell          Sewer (visited)         Ossuary (visited)
  IceCv (visited)         Volcano (visited)          WizLab (visited)
Gauntlet (visited)
    Dis: Hell:1         Geh: Hell:1         Tar: Hell:1

Altars:
Ashenzari
Fedhas
Hepliaklqana
Makhleb
Okawaru
Qazlal
Ru
Sif Muna
Wu Jian
Yredelemnul
Beogh
Jiyva

Shops:
D:4 *   D:10 *   D:15 (   Orc:2 [*(*   Elf:1 !   Elf:3 ?*=   Snake:3 :
Snake:4 =:=   Vaults:1 [   Vaults:2 *   Depths:2 [

Portals:
Hell: Depths:1 Depths:2
Abyss: Depths:1
Pandemonium: Depths:2

Annotations:
D:2 Jessica, Robin
D:4 1 runed translucent door, Vadun's ghost, amateur GnSu
D:7 3 runed translucent doors, zenocrate's ghost, novice OpEE
Lair:1 exclusion: oklob plant
Shoals:3 2 transporters, exclusion: orange crystal statue
Slime:5 Dissolution; Royal Jelly
Vaults:1 3 runed translucent doors
Depths:3 Josephina
Hell Geryon; Murray


Innate Abilities, Weirdness & Mutations

You have a pair of large antennae on your head. (SInv)
Your demonic aura causes all spilled blood to erupt in flames.
You are completely covered in sharp spines.
You have an absolutely massive brain. (Int +6, Wiz)
You punish those that try to bend your will. (Will+)
You are agile. (Dex +4, Str/Int -1)
Your flesh is very cold resistant. (rC++)
Your flesh is almost immune to the effects of heat. (rF+++)
You are robust. (+10% HP)
Your muscles are strong. (Str +4, Int/Dex -1)
Your spells are harder to cast, but more powerful.
Your gelatinous body deflects attacks. (AC +3, EV +3)
Armour fits poorly on your pseudopods.
You have a small jelly attached to you that senses nearby items.
Your melee attacks may engulf your foes in ooze.


Message History

Josephina mumbles some strange words.
Josephina binds the souls of nearby monsters.
The walking divine tome erupts in a flurry of living spells!
Unknown command.
Josephina casts a spell at you. You block the icy flash freeze.
The living spell casts itself at you. Something smites you!
* * * LOW HITPOINT WARNING * * *
The living spell casts itself at you. Something smites you!
* * * LOW HITPOINT WARNING * * *
The stone giant is engulfed in blazing flames.
Unknown command.
Josephina casts a spell.
The glowing shapeshifter simulacrum collapses into a mass of ice!
The mass of ice explodes!
The seracfall batters you!! You partially resist.
* * * LOW HITPOINT WARNING * * *
The fire giant points at you and mumbles some strange words.
The fireball explodes!
The fireball engulfs you. You resist.
* * * LOW HITPOINT WARNING * * *
The walking divine tome is engulfed in blazing flames.
The walking divine tome erupts in a flurry of living spells!
You feel much better.
The stone giant is engulfed in blazing flames.
The walking divine tome is engulfed in blazing flames.
The living spell casts itself at you. Something smites you!
* * * LOW HITPOINT WARNING * * *
The living spell is engulfed in blazing flames.
You destroy the living spell!
The living spell casts itself at you. Something smites you!
* * * LOW HITPOINT WARNING * * *
Blink to where?
Press: ? - help, Dir - move target
As you read the scroll of blinking, it crumbles to dust.
The stone giant throws a large rock.
The large rock hits you!!
You die...
Jiyva sends a jelly to digest your remains.

#....# #+#..(.#
##.....###
##+#.....##.#
+.......##..#
##......(#...##
#.......##....## .
.........#......#....
.#+###...'...@..'..#
###.#......##'#
###.)....#
##.#'#+####
+....+....##'
#.§.C#.......
####.C.;).......
+..[.L○.○.###..
#......☼...#


You could see Josephina and a stone giant (soul bound).

Vanquished Creatures
  A dread lich (Vaults:5)
  Mara (Shoals:3)
  A shard shrike (IceCv)
  2 golden dragons
  Nikola (Shoals:2)
  Jorgrun (Snake:1)
  Rupert (D:12)
  A lich (Vaults:5)
  8 tentacled monstrosities
  4 titans
  2 deep elf blademasters
  Asterion (Depths:2)
  A quicksilver dragon (Snake:4)
  A deep elf master archer (Elf:3)
  2 searing wretches (Hell)
  3 sphinxes (Vaults:5)
  3 tengu reavers (Vaults:5)
  A shadow dragon (Vaults:5)
  Aizul (Snake:1)
  Kirke (Lair:2)
  2 revenants (Crypt:1)
  4 fire giants
  7 nagarajas
  4 deep elf sorcerers
  4 frost giants
  18 vault wardens
  A juggernaut zombie (Depths:1)
  A caustic shrike zombie (Hell)
  2 deep elf elementalists (Elf:3)
  A cacodemon (Vaults:1)
  5 spectral caustic shrikes (Depths:2)
  A curse skull (Crypt:1)
  2 reapers (Hell)
  An orc warlord (Vaults:2)
  16 ironbound preservers
  7 very ugly things
  15 stone giants
  4 vampire knights (Depths:2)
  4 deep elf death magi
  5 ironbound thunderhulks
  6 deep elf demonologists
  16 dire elephants
  A war gargoyle (Hell)
  6 deep elf annihilators
  A white draconian (IceCv)
  2 blizzard demons (Hell)
  A spark wasp (Depths:1)
  6 merfolk impalers
  A crystal guardian (Vaults:2)
  2 eidola (Crypt:1)
  9 ettins
  3 deep elf high priests
  3 merfolk javelineers
  12 yaktaur captains
  3 fire dragons
  8 jiangshi (Depths:2)
  A spriggan air mage (Depths:2)
  3 ice dragons (D:15)
  6 hydras
  8 ogre magi
  A fenstrider witch zombie (Crypt:1)
  22 vault guards
  2 peacekeepers
  Erica (D:8)
  12 ironbound frosthearts
  6 salamander tyrants (Snake:4)
  3 centaur warriors
  A stoker (Hell)
  29 two-headed ogres
  An alligator (Lair:3)
  24 dancing weapons
  An anaconda (Snake:4)
  3 death yaks (Shoals:2)
  2 death knights (Vaults:3)
  2 merfolk aquamancers (Shoals:2)
  4 boulder beetles
  3 tengu warriors
  9 naga warriors
  2 hell hogs (Hell)
  10 deep troll shamans
  6 vampire magi
  6 deep troll earth magi
  2 occultists (Depths:1)
  A thrashing horror (Gauntlet)
  A demonic crawler (Hell)
  A spriggan berserker (Depths:2)
  5 shock serpents (Snake:1)
  6 hell knights
  9 naga sharpshooters
  Nergalle (D:12)
  14 deep elf knights
  2 soul eaters (Hell)
  5 iron trolls
  2 skeletal warriors (D:14)
  3 shadow wraiths
  A quicksilver dragon simulacrum (Depths:3)
  A shadow demon (Hell)
  2 goliath frogs (Lair:3)
  A tengu zombie (WizLab)
  3 sea snakes
  A kraken simulacrum (Shoals:4)
  6 arcanists
  8 naga ritualists
  45 deep trolls
  10 flayed ghosts
  A swamp dragon (shapeshifter) (Vaults:5)
  A spriggan simulacrum (Depths:3)
  A swamp dragon (Lair:3)
  15 harpies
  12 mana vipers
  6 deep elf archers
  8 ironbound convokers
  12 phantasmal warriors
  4 necromancers
  7 orc knights
  A wolf spider (D:15)
  9 lindwurms
  23 deep elf pyromancers
  2 thermic dynamos (Elf:2)
  17 deep elf zephyrmancers
  3 orc sorcerers
  40 ugly things
  4 fauns
  11 salamanders
  3 cyclopes
  2 frost giant zombies (Vaults:4)
  A fire giant zombie (Depths:1)
  A jorogumo skeleton (Crypt:1)
  2 kobold blastminers (Orc:2)
  8 manticores
  A nameless horror (Depths:1)
  A dire elephant zombie (Hell)
  3 merfolk sirens
  A frost giant skeleton (Depths:1)
  3 water nymphs
  16 vault sentinels
  5 molten gargoyles
  4 rust devils (Hell)
  7 naga magi
  A stone giant skeleton (Depths:1)
  38 black mambas
  3 guardian serpents
  13 cane toads
  A smoke demon (Volcano)
  A torpor snail (Lair:4)
  9 komodo dragons
  An unseen horror (shapeshifter) (Vaults:1)
  26 yaktaurs
  5 freezing wraiths
  A kobold demonologist (D:11)
  Maggie (D:10)
  A tengu conjurer (Depths:2)
  A red devil (Hell)
  An efreet (D:15)
  Psyche (D:9)
  25 rime drakes
  4 spriggan skeletons
  10 merfolk
  14 polar bears
  6 trolls
  A tarantella (Vaults:2)
  13 blink frogs
  4 hornets
  2 spriggan zombies
  Prince Ribbit (Lair:2)
  3 wind drakes
  A tyrant leech (Lair:3)
  3 snapping turtles
  A centaur simulacrum (Gauntlet)
  A fire giant simulacrum (Depths:1)
  A jumping spider (Vaults:4)
  3 shadows
  2 spriggans (Depths:2)
  3 water elementals
  14 wyverns
  3 fire elementals
  10 basilisks
  A human (Snake:1)
  63 yaks
  3 wraiths
  Grum (D:9)
  A warg (Orc:1)
  4 fire bats (Volcano)
  2 hogs (Snake:1)
  A redback (Vaults:2)
  A basilisk (shapeshifter) (D:13)
  2 steam dragons (Lair:5)
  16 vampire mosquitoes
  3 swamp worms (Lair:3)
  A swamp worm (shapeshifter) (Vaults:5)
  2 acid dragons
  13 water moccasins
  Edmund (D:6)
  31 nagas
  13 hell hounds
  A cane toad zombie (Crypt:1)
  A meliai simulacrum (Gauntlet)
  2 swamp drakes (Lair:3)
  4 black bears
  9 orc warriors
  An ice beast (D:7)
  An ice dragon simulacrum (Gauntlet)
  14 ogres
  22 laughing skulls
  10 boggarts
  3 centaurs
  13 wolves
  A human skeleton (Vaults:4)
  A phantom (D:5)
  15 bullfrogs
  8 scorpions
  A gnoll sergeant (D:12)
  2 earth elementals
  7 wights
  4 killer bees (D:7)
  3 howler monkeys
  A centaur zombie (D:8)
  9 lava snakes
  4 hounds
  A jelly (Sewer)
  6 orc priests
  A gnoll bouda (D:5)
  3 iguanas
  16 orc wizards
  8 mummies (Ossuary)
  2 howler monkey zombies (D:8)
  11 gnolls
  7 adders
  2 river rats (Sewer)
  2 ufetubi (D:6)
  A dart slug (D:4)
  A ribbon worm (D:3)
  36 orcs
  11 ball pythons
  6 endoplasms
  4 giant cockroaches
  14 goblins
  7 hobgoblins
  A quokka (D:1)
  3 bats
  4 frilled lizards
  4 hobgoblin zombies (Ossuary)
  3 kobolds
  2 kobold zombies (Ossuary)
  2 orc zombies (Ossuary)
  13 rats
1450 creatures vanquished.

Vanquished Creatures (collateral kills)
  An ancient lich (Vaults:5)
  Bai Suzhen (Snake:3)
  A fire giant (Vaults:5)
  2 vault wardens
  A very ugly thing (Depths:2)
  2 ironbound thunderhulks
  A war gargoyle (Vaults:3)
  An entropy weaver (Vaults:2)
  A vault guard (Vaults:5)
  A peacekeeper (Vaults:3)
  An ironbound frostheart (Vaults:4)
  2 naga warriors (Snake:1)
  A deep troll (Vaults:3)
  A phantasmal warrior (Hell)
  2 deep elf pyromancers
  2 ugly things (Vaults:3)
  A polar bear (IceCv)
  A fire elemental (Elf:2)
23 creatures vanquished.

Vanquished Creatures (others)
  An acid blob (Elf:3)
  2 azure jellies
  A fire giant (Vaults:5)
  A vault warden (Vaults:4)
  A shard shrike simulacrum (Hell)
  A formless jellyfish (Vaults:1)
  An ironbound preserver (Vaults:4)
  A deep elf death mage (Elf:3)
  A deep elf annihilator (Elf:3)
  A deep elf demonologist (Elf:3)
  A dire elephant (Vaults:4)
  An entropy weaver (shapeshifter) (D:15)
  A deep elf high priest (Elf:3)
  2 yaktaur captains
  6 great orbs of eyes
  A rakshasa (D:15)
  4 vault guards (Vaults:4)
  4 centaur warriors
  2 dancing weapons (Elf:1)
  A two-headed ogre (Vaults:4)
  A tengu warrior (Depths:2)
  2 hell hogs (Hell)
  An occultist (Depths:1)
  A skyshark (shapeshifter) (Vaults:5)
  3 deep trolls
  5 glowing orange brains
  A sea snake (Shoals:4)
  2 skeletal warriors (D:15)
  A deep elf archer (Elf:3)
  An arcanist (Vaults:3)
  A lindwurm (shapeshifter) (Vaults:5)
  3 ironbound convokers
  A shining eye (shapeshifter) (Vaults:5)
  3 ugly things
  A cyclops (D:14)
  A glass eye (Depths:2)
  A merfolk siren (Shoals:2)
  2 black mambas
  2 naga magi
  A guardian serpent (Lair:5)
  A titan simulacrum (Hell)
  2 yaktaurs
  A cane toad (shapeshifter) (Vaults:5)
  A merfolk (Shoals:4)
  A snapping turtle (shapeshifter) (Vaults:5)
  An iron dragon simulacrum (Depths:3)
  3 blink frogs
  24 slime creatures
  A slime creature (shapeshifter) (Vaults:5)
  A yak (D:7)
  2 humans (Snake:1)
  A naga (Snake:1)
  An acid dragon (D:7)
  A hell hound (Lair:5)
  A water moccasin (Lair:2)
  An orc warrior (D:7)
  A black bear (Lair:1)
  2 ogres (Orc:2)
  A boggart (Vaults:3)
  A wolf (Lair:4)
  A centaur (D:7)
  2 bullfrogs
  A glowing shapeshifter simulacrum (Depths:3)
  A wight (D:8)
  2 lava snakes
  226 jellies
  A gnoll bouda (D:9)
  An orc wizard (D:7)
  6 hell rats (Lair:2)
  2 centaur simulacra
  4 gnolls
  An adder (D:4)
  5 orcs
  11 blazeheart cores
  4 tentacles (Shoals:4)
384 creatures vanquished.

Grand Total: 1857 creatures vanquished

Notes
Turn   | Place    | Note
-------+----------+-------------------------------------------
     0 | D:1      | dialectric the Demonspawn Wanderer began the quest for the
                  | Orb.
     0 | D:1      | dialectric set off with the following items: a +3 sling, a
                  | +0 spear, a scroll of blinking, a +0 leather armour.
     0 | D:1      | Reached XP level 1. HP: 16/16 MP: 1/1
   204 | D:1      | Gained mutation: You have an unusually large brain. (Int
                  | +2) [demonic ancestry]
   204 | D:1      | Reached XP level 2. HP: 20/22 MP: 2/2
   920 | D:2      | Noticed Robin
   931 | D:2      | Noticed Jessica
   969 | D:3      | Gained mutation: You are partially covered in sharp spines.
                  | [demonic ancestry]
   969 | D:3      | Reached XP level 3. HP: 14/28 MP: 3/3
  1033 | D:3      | Found a glowing drain.
  1052 | Sewer    | Entered a sewer
  1174 | Sewer    | Reached XP level 4. HP: 13/34 MP: 4/4
  1304 | Sewer    | Found a viscous altar of Jiyva.
  1318 | Sewer    | Became a worshipper of Jiyva Jorigeeh the Shapeless
  1505 | D:3      | Reached * piety under Jiyva
  1752 | D:3      | Reached XP level 5. HP: 40/40 MP: 5/5
  1917 | D:4      | Found a runed translucent door.
  1917 | D:4      | Noticed Vadun's ghost (amateur GnSu)
  1938 | D:4      | Found Vubefivu's Serpentskin Sales.
  1944 | D:4      | Reached skill level 3 in Fighting
  1944 | D:4      | Reached skill level 5 in Ranged Weapons
  2271 | D:4      | Reached ** piety under Jiyva
  2394 | D:4      | Found a sand-covered staircase.
  2401 | Ossuary  | Entered an ossuary
  2441 | Ossuary  | Reached XP level 6. HP: 47/47 MP: 6/6
  2757 | D:4      | Reached skill level 1 in Dodging
  2770 | D:4      | Found an iron altar of Okawaru.
  2874 | D:4      | Found a broken altar of Ashenzari.
  3074 | D:5      | Entered Level 5 of the Dungeon
  3164 | D:5      | Gained mutation: Your demonic aura sometimes causes spilled
                  | blood to erupt in flames. [demonic ancestry]
  3164 | D:5      | Reached XP level 7. HP: 52/52 MP: 7/7
  3232 | D:5      | Identified the +0 short sword of Obiter Dictum {flame,
                  | ^Contam rF++ MP+9 Dex+2}
  3353 | D:5      | Reached *** piety under Jiyva
  3376 | D:5      | Gained mutation: Your body has grown eyes which may confuse
                  | attackers. (Acc +3) [Jiyva's grace]
  3376 | D:5      | Gained mutation: Your body has grown many eyes which may
                  | confuse attackers. (Acc +5) [Jiyva's grace]
  3376 | D:5      | Gained mutation: Your body is covered in eyes which may
                  | confuse attackers. (Acc +7, SInv) [Jiyva's grace]
  3376 | D:5      | Gained mutation: You have a small jelly attached to you
                  | that may absorb projectiles. [Jiyva's grace]
  3476 | D:5      | Noticed a wyvern
  3482 | D:5      | Killed a wyvern
  3483 | D:5      | Reached XP level 8. HP: 50/58 MP: 8/8
  4144 | D:6      | Reached **** piety under Jiyva
  4155 | D:6      | Noticed Edmund
  4172 | D:6      | Killed Edmund
  4556 | D:6      | Found a sacrificial altar of Ru.
  4689 | D:6      | Lost mutation: Your body is covered in eyes which may
                  | confuse attackers. (Acc +7, SInv) [Jiyva's grace]
  4689 | D:6      | Gained mutation: Your mind is acute. (Int +4, Str/Dex -1)
                  | [Jiyva's grace]
  4689 | D:6      | Gained mutation: Your mind is very acute. (Int +8, Str/Dex
                  | -2) [Jiyva's grace]
  4689 | D:6      | Gained mutation: Your melee attacks may engulf your foes in
                  | ooze. [Jiyva's grace]
  4689 | D:6      | Gained mutation: You are agile. (Dex +4, Str/Int -1)
                  | [Jiyva's grace]
  4959 | D:6      | Reached ***** piety under Jiyva
  5016 | D:6      | Reached skill level 5 in Polearms
  5016 | D:6      | Reached skill level 5 in Armour
  5086 | D:7      | Found a runed translucent gate.
  5087 | D:7      | Found a runed translucent gate.
  5088 | D:7      | Found a runed translucent gate.
  5138 | D:7      | Found a staircase to the Ecumenical Temple.
  5145 | D:7      | Reached skill level 4 in Fighting
  5177 | D:7      | Reached XP level 9. HP: 65/65 MP: 9/9
  5253 | D:7      | Noticed a manticore
  5260 | D:7      | Killed a manticore
  5693 | D:7      | Reached skill level 5 in Dodging
  5698 | D:7      | Reached skill level 5 in Fighting
  5751 | D:7      | Noticed zenocrate's ghost (novice OpEE)
  5792 | D:7      | Noticed a two-headed ogre
  5796 | D:7      | Killed a two-headed ogre
  6048 | D:8      | Found a burning altar of Makhleb.
  6094 | D:8      | Gained mutation: You have a pair of small antennae on your
                  | head. [demonic ancestry]
  6094 | D:8      | Reached XP level 10. HP: 74/74 MP: 10/10
  6111 | D:8      | Identified the amulet of Hesest {Acrobat *Slow rElec
                  | Will+++ Dex+2}
  6173 | D:8      | Noticed Erica
  6211 | D:8      | Killed Erica
  6247 | D:8      | Found a basalt altar of Yredelemnul.
  6248 | D:8      | Found a stormy altar of Qazlal.
  6400 | D:8      | Reached skill level 6 in Fighting
  6657 | D:9      | Lost mutation: Your mind is very acute. (Int +8, Str/Dex
                  | -2) [Jiyva's grace]
  6657 | D:9      | Lost mutation: Your melee attacks may engulf your foes in
                  | ooze. [Jiyva's grace]
  6657 | D:9      | Gained mutation: You have hidden genetic potential.
                  | [Jiyva's grace]
  6657 | D:9      | Gained mutation: You have great hidden genetic potential.
                  | [Jiyva's grace]
  6657 | D:9      | Gained mutation: You are strong-willed. (Will+) [Jiyva's
                  | grace]
  6657 | D:9      | Gained mutation: You are highly strong-willed. (Will++)
                  | [Jiyva's grace]
  6689 | D:9      | Noticed Psyche
  6693 | D:9      | Killed Psyche
  6845 | D:9      | Noticed a two-headed ogre
  6850 | D:9      | Killed a two-headed ogre
  6910 | D:9      | Noticed Grum
  6913 | D:9      | Killed Grum
  6918 | D:9      | Gained mutation: You have an extremely huge brain. (Int +4)
                  | [demonic ancestry]
  6918 | D:9      | Reached XP level 11. HP: 80/83 MP: 11/11
  7143 | D:9      | Noticed Maggie
  7297 | D:9      | Reached ****** piety under Jiyva
  7617 | D:10     | Entered Level 10 of the Dungeon
  7635 | D:10     | Reached skill level 7 in Fighting
  7752 | D:10     | Killed Maggie
  7766 | D:10     | Noticed a boulder beetle
  7780 | D:10     | Killed a boulder beetle
  7805 | D:10     | Gained mutation: You are very agile. (Dex +8, Str/Int -2)
                  | [hidden potential]
  7848 | D:10     | Found Huashry's Assorted Antiques.
  7858 | D:10     | Bought a scroll of blinking for 165 gold pieces
  7943 | D:10     | Found a staircase to the Lair.
  7963 | Lair:1   | Entered Level 1 of the Lair of Beasts
  8063 | Lair:1   | Noticed a five-headed hydra
  8068 | Lair:1   | Killed a five-headed hydra
  8159 | Lair:1   | Lost mutation: You have a small jelly attached to you that
                  | may absorb projectiles. [Jiyva's grace]
  8159 | Lair:1   | Gained mutation: Your natural rate of healing is unusually
                  | fast. [Jiyva's grace]
  8159 | Lair:1   | Gained mutation: You heal very quickly. [Jiyva's grace]
  8159 | Lair:1   | Gained mutation: You regenerate. [Jiyva's grace]
  8159 | Lair:1   | Gained mutation: You have acidic saliva. [Jiyva's grace]
  8211 | Lair:1   | Reached skill level 8 in Fighting
  8211 | Lair:1   | Reached skill level 10 in Ranged Weapons
  8573 | Lair:1   | Noticed an oklob plant
  8574 | Lair:1   | Found a burning altar of Makhleb.
  9293 | Lair:2   | Reached skill level 1 in Spellcasting
  9430 | Lair:2   | Found a gate leading to a gauntlet.
  9454 | Lair:2   | Gained mutation: Your demonic aura often causes spilled
                  | blood to erupt in flames. [demonic ancestry]
  9454 | Lair:2   | Reached XP level 12. HP: 94/94 MP: 14/14
  9461 | Gauntlet | Entered a Gauntlet
  9461 | Gauntlet | Found a transporter.
  9469 | Gauntlet | Noticed an entropy weaver
  9471 | Gauntlet | Found a transporter.
  9473 | Gauntlet | Found a transporter.
  9477 | Gauntlet | Found a transporter.
  9515 | Gauntlet | Found a runed translucent door.
  9516 | Gauntlet | Found a transporter.
  9517 | Gauntlet | Found a runed translucent door.
  9535 | Gauntlet | Found a transporter.
  9581 | Gauntlet | Found a transporter.
  9602 | Gauntlet | Identified the +2 cloak "Jumir" {rC+ Regen+ Int+3}
  9623 | Gauntlet | Found a transporter.
  9625 | Gauntlet | Noticed a quicksilver ooze
  9641 | Gauntlet | Found a transporter.
  9658 | Gauntlet | Identified the +4 ring mail of Wu Jian's Castigation {rN++}
  9658 | Gauntlet | Noticed a minotaur
  9664 | Gauntlet | Slimified a minotaur
  9664 | Gauntlet | a minotaur changed into an acid blob
  9664 | Gauntlet | Noticed an acid blob
  9680 | Gauntlet | Got the Meditations on Position
  9788 | Lair:2   | Noticed a six-headed hydra
  9790 | Lair:2   | Found a staircase to the Snake Pit.
  9799 | Lair:2   | Slimified a six-headed hydra
  9799 | Lair:2   | a six-headed hydra changed into an acid blob
  9799 | Lair:2   | Noticed an acid blob
 10000 | Lair:2   | Identified the +4 ring mail "Inaopt" {Dex+2}
 10019 | Lair:2   | Noticed Prince Ribbit
 10028 | Lair:2   | Killed Prince Ribbit
 10048 | Lair:2   | Gained mutation: You have sharp toenails. [hidden
                  | potential]
 10048 | Lair:2   | Lost mutation: You have great hidden genetic potential.
                  | [hidden potential expressed]
 10051 | Lair:2   | Reached skill level 1 in Short Blades
 10077 | Lair:2   | Found a blossoming altar of Fedhas.
 10227 | Lair:2   | Found a staircase to the Shoals.
 10228 | Lair:2   | Lost mutation: You have sharp toenails. [Jiyva's grace]
 10228 | Lair:2   | Lost mutation: You are very agile. (Dex +8, Str/Int -2)
                  | [Jiyva's grace]
 10228 | Lair:2   | Lost mutation: You regenerate. [Jiyva's grace]
 10228 | Lair:2   | Gained mutation: You have a small jelly attached to you
                  | that senses nearby items. [Jiyva's grace]
 10228 | Lair:2   | Gained mutation: Your body is covered in eyes which may
                  | confuse attackers. (Acc +7, SInv) [Jiyva's grace]
 10228 | Lair:2   | Gained mutation: You have large cloven feet. [Jiyva's
                  | grace]
 10228 | Lair:2   | Gained mutation: You have hoof-like feet. [Jiyva's grace]
 10645 | Lair:3   | Reached skill level 9 in Fighting
 10728 | Lair:3   | Learned a level 4 spell: Summon Blazeheart Golem
 10832 | Lair:3   | Noticed an alligator
 10858 | Lair:3   | Killed an alligator
 10861 | Lair:3   | Noticed a five-headed hydra
 10870 | Lair:3   | Killed a five-headed hydra
 10935 | Lair:3   | Noticed a six-headed hydra
 10947 | Lair:3   | Killed a six-headed hydra
 11110 | Lair:3   | Gained mutation: You are mostly covered in sharp spines.
                  | [demonic ancestry]
 11110 | Lair:3   | Reached XP level 13. HP: 95/101 MP: 18/18
 11738 | Lair:4   | Identified the +0 buckler of the Ego {+Inv Dex+3}
 11785 | Lair:4   | Gained mutation: You have a pair of antennae on your head.
                  | [hidden potential]
 11897 | Lair:4   | Found a dark tunnel.
 11906 | Volcano  | Entered a volcano
 12051 | Volcano  | Found a bloodstained altar of Trog.
 12462 | Lair:4   | Lost mutation: You have hoof-like feet. [Jiyva's grace]
 12462 | Lair:4   | Lost mutation: You are agile. (Dex +4, Str/Int -1) [Jiyva's
                  | grace]
 12462 | Lair:4   | Lost mutation: Your mind is acute. (Int +4, Str/Dex -1)
                  | [Jiyva's grace]
 12462 | Lair:4   | Lost mutation: You have acidic saliva. [Jiyva's grace]
 12462 | Lair:4   | Gained mutation: Your melee attacks may engulf your foes in
                  | ooze. [Jiyva's grace]
 12462 | Lair:4   | Gained mutation: You have a small jelly attached to you
                  | that may absorb projectiles. [Jiyva's grace]
 12462 | Lair:4   | Gained mutation: Your muscles are strong. (Str +4, Int/Dex
                  | -1) [Jiyva's grace]
 12462 | Lair:4   | Gained mutation: Your muscles are very strong. (Str +8,
                  | Int/Dex -2) [Jiyva's grace]
 12554 | Lair:4   | Reached skill level 10 in Fighting
 12554 | Lair:4   | Reached skill level 1 in Summonings
 12623 | Lair:4   | Reached skill level 1 in Fire Magic
 13060 | Lair:5   | Entered Level 5 of the Lair of Beasts
 13091 | Lair:5   | Found a staircase to the Slime Pits.
 13163 | Lair:5   | a catoblepas changed into an azure jelly
 13163 | Lair:5   | Noticed an azure jelly
 13200 | Lair:5   | Reached skill level 5 in Spellcasting
 13715 | Lair:5   | Reached skill level 10 in Armour
 13731 | Lair:5   | a boulder beetle changed into an acid blob
 13731 | Lair:5   | Noticed an acid blob
 13951 | Lair:5   | Reached XP level 14. HP: 111/111 MP: 22/22
 14138 | Lair:5   | Found a large runed translucent door.
 14138 | Lair:5   | Found a large runed translucent door.
 14278 | Lair:5   | Found the +3 pair of seven-league boots {Rampage+∞}
 14624 | Slime:1  | Entered Level 1 of the Pits of Slime
 14624 | Slime:1  | Noticed an azure jelly
 14626 | Slime:1  | Noticed an acid blob
 14628 | Slime:1  | Noticed a quicksilver ooze
 14633 | Slime:2  | Noticed a rockslime
 14634 | Slime:2  | Noticed an acid blob
 14647 | Slime:4  | Noticed an azure jelly
 14654 | Slime:5  | Entered Level 5 of the Pits of Slime
 14654 | Slime:5  | Noticed an azure jelly
 14654 | Slime:5  | Noticed a quicksilver ooze
 14669 | Slime:5  | Noticed an acid blob
 14669 | Slime:5  | Noticed a quicksilver ooze
 14675 | Slime:5  | Identified the +5 broad axe of Massacring {freeze, Int+2}
 14682 | Slime:5  | Noticed Dissolution
 14686 | Slime:5  | Noticed a quicksilver ooze
 14699 | Slime:5  | Noticed an acid blob
 14704 | Slime:5  | Noticed an acid blob
 14708 | Slime:5  | Noticed an acid blob
 14708 | Slime:5  | Noticed an acid blob
 14713 | Slime:5  | Noticed an azure jelly
 14722 | Slime:5  | Found a viscous altar of Jiyva.
 14723 | Slime:5  | Noticed an acid blob
 14723 | Slime:5  | Noticed an acid blob
 14724 | Slime:5  | Noticed an acid blob
 14754 | Slime:5  | Noticed an acid blob
 14773 | Slime:5  | Got a starry gem with 453 turns to spare
 14777 | Slime:5  | Got a slimy rune of Zot
 14779 | Slime:5  | Noticed an azure jelly
 14785 | Slime:5  | Noticed a formless jellyfish
 14786 | Slime:5  | Noticed a formless jellyfish
 14787 | Slime:5  | Noticed a formless jellyfish
 14814 | Slime:5  | Noticed a formless jellyfish
 14814 | Slime:5  | Noticed a formless jellyfish
 14817 | Slime:5  | Noticed a formless jellyfish
 14827 | Slime:5  | Got the Parchment of the Blizzard
 14829 | Slime:5  | Got Lexomiodd's Discourse on Azoth
 14833 | Slime:5  | Noticed an azure jelly
 14855 | Slime:5  | Noticed the Royal Jelly
 14866 | Slime:5  | Found the +7 great mace "Undeadhunter" {deathbane, rN+}
 14876 | Slime:5  | Identified the +1 leather armour "Tuulab" {rElec}
 14878 | Slime:5  | Identified the ring "Yshy" {rN+ Will++ Int+5 Dex-2}
 14884 | Slime:5  | Identified the +10 falchion of Tiuhugi {heavy, rC+ rCorr
                  | Str+4}
 15119 | Slime:2  | Noticed a quicksilver ooze
 15123 | Slime:2  | Noticed an azure jelly
 15256 | D:10     | Found a hazy altar of Hepliaklqana.
 15555 | D:11     | Lost mutation: You heal very quickly. [Jiyva's grace]
 15555 | D:11     | Lost mutation: Your natural rate of healing is unusually
                  | fast. [Jiyva's grace]
 15555 | D:11     | Gained mutation: Your flesh is heat resistant. (rF+)
                  | [Jiyva's grace]
 15555 | D:11     | Gained mutation: Your flesh is very heat resistant. (rF++)
                  | [Jiyva's grace]
 15555 | D:11     | Gained mutation: Your flesh is almost immune to the effects
                  | of heat. (rF+++) [Jiyva's grace]
 15555 | D:11     | Gained mutation: You have great hidden genetic potential.
                  | [Jiyva's grace]
 16127 | D:12     | Noticed Nergalle
 16156 | D:12     | Killed Nergalle
 16245 | D:12     | Noticed Rupert
 16265 | D:12     | Killed Rupert
 16530 | D:12     | Found a staircase to the Orcish Mines.
 17015 | D:12     | Lost mutation: You are highly strong-willed. (Will++)
                  | [Jiyva's grace]
 17015 | D:12     | Lost mutation: Your muscles are very strong. (Str +8,
                  | Int/Dex -2) [Jiyva's grace]
 17015 | D:12     | Lost mutation: Your body is covered in eyes which may
                  | confuse attackers. (Acc +7, SInv) [Jiyva's grace]
 17015 | D:12     | Lost mutation: You have great hidden genetic potential.
                  | [Jiyva's grace]
 17015 | D:12     | Lost mutation: You have a small jelly attached to you that
                  | may absorb projectiles. [Jiyva's grace]
 17015 | D:12     | Lost mutation: Your melee attacks may engulf your foes in
                  | ooze. [Jiyva's grace]
 17015 | D:12     | Gained mutation: You have a small jelly attached to you
                  | that may absorb projectiles. [Jiyva's grace]
 17015 | D:12     | Gained mutation: You are partially covered in large bone
                  | plates. (SH +4) [Jiyva's grace]
 17015 | D:12     | Gained mutation: You are mostly covered in large bone
                  | plates. (SH +6) [Jiyva's grace]
 17015 | D:12     | Gained mutation: You are completely covered in large bone
                  | plates. (SH +8) [Jiyva's grace]
 17423 | D:13     | Reached skill level 10 in Dodging
 17575 | D:13     | Reached skill level 11 in Fighting
 18753 | D:14     | Found a gate to the Vaults.
 18845 | D:15     | Entered Level 15 of the Dungeon
 19027 | D:15     | Identified the +8 hand axe of Twilight {freeze, Int+3}
 19069 | D:15     | Found Icim Okligg's Antique Weapon Shoppe.
 19097 | D:15     | a boulder beetle changed into an azure jelly
 19097 | D:15     | Noticed an azure jelly
 19169 | D:15     | Reached skill level 5 in Summonings
 19277 | D:15     | Found an ornate altar of the Wu Jian Council.
 19303 | D:15     | Mutation became permanent: You have a pair of small
                  | antennae on your head. [demonic ancestry]
 19303 | D:15     | Gained mutation: You have a pair of antennae on your head.
                  | [demonic ancestry]
 19303 | D:15     | Reached XP level 15. HP: 119/119 MP: 25/25
 19433 | D:15     | Killed an azure jelly
 19639 | Snake:1  | Entered Level 1 of the Snake Pit
 19644 | Snake:1  | Noticed Kirke
 19664 | Lair:2   | Killed Kirke
 19687 | Snake:1  | Lost mutation: You are completely covered in large bone
                  | plates. (SH +8) [Jiyva's grace]
 19687 | Snake:1  | Lost mutation: Your flesh is almost immune to the effects
                  | of heat. (rF+++) [Jiyva's grace]
 19687 | Snake:1  | Lost mutation: Your flesh is very heat resistant. (rF++)
                  | [Jiyva's grace]
 19687 | Snake:1  | Lost mutation: You are strong-willed. (Will+) [Jiyva's
                  | grace]
 19687 | Snake:1  | Lost mutation: Your muscles are strong. (Str +4, Int/Dex
                  | -1) [Jiyva's grace]
 19687 | Snake:1  | Lost mutation: You have hidden genetic potential. [Jiyva's
                  | grace]
 19687 | Snake:1  | Lost mutation: You have a small jelly attached to you that
                  | may absorb projectiles. [Jiyva's grace]
 19687 | Snake:1  | Gained mutation: Your body is covered in eyes which may
                  | confuse attackers. (Acc +7, SInv) [Jiyva's grace]
 19687 | Snake:1  | Gained mutation: You have acidic saliva. [Jiyva's grace]
 19687 | Snake:1  | Gained mutation: Your muscles are strong. (Str +4, Int/Dex
                  | -1) [Jiyva's grace]
 19687 | Snake:1  | Gained mutation: Your muscles are very strong. (Str +8,
                  | Int/Dex -2) [Jiyva's grace]
 19716 | Snake:1  | Reached skill level 5 in Fire Magic
 20031 | Snake:1  | Noticed Jorgrun
 20152 | Snake:1  | Gained mutation: Your health recovers twice as slowly from
                  | being drained. [mutagenic glow]
 20380 | Snake:1  | Killed Jorgrun
 20628 | Snake:1  | Reached skill level 12 in Fighting
 20628 | Snake:1  | Reached skill level 1 in Long Blades
 20812 | Orc:1    | Entered Level 1 of the Orcish Mines
 20852 | Orc:1    | Noticed a kraken
 21057 | Orc:1    | Gained mutation: You are robust. (+10% HP) [Jiyva's grace]
 21057 | Orc:1    | Gained mutation: You are very robust. (+20% HP) [Jiyva's
                  | grace]
 21057 | Orc:1    | Gained mutation: You are extremely robust. (+30% HP)
                  | [Jiyva's grace]
 21057 | Orc:1    | Gained mutation: Your melee attacks may engulf your foes in
                  | ooze. [Jiyva's grace]
 21118 | Orc:1    | Found a roughly hewn altar of Beogh.
 21494 | Orc:2    | Entered Level 2 of the Orcish Mines
 21532 | Orc:2    | Found a staircase to the Elven Halls.
 21620 | Orc:2    | Found a shimmering blue altar of Sif Muna.
 21738 | Orc:2    | Found Diecof's Armour Shoppe.
 21738 | Orc:2    | Found Vyicw's General Store.
 21741 | Orc:2    | Found Ilarph Qede's Antique Weapon Boutique.
 21741 | Orc:2    | Found Aridofeh's General Store.
 21919 | Elf:1    | Entered Level 1 of the Elven Halls
 21922 | Elf:1    | Gained mutation: You have an absolutely massive brain. (Int
                  | +6, Wiz) [demonic ancestry]
 21922 | Elf:1    | Reached XP level 16. HP: 167/167 MP: 28/28
 22307 | Shoals:1 | Entered Level 1 of the Shoals
 22436 | Shoals:1 | Lost mutation: You are mostly covered in large bone plates.
                  | (SH +6) [Jiyva's grace]
 22436 | Shoals:1 | Lost mutation: You are partially covered in large bone
                  | plates. (SH +4) [Jiyva's grace]
 22436 | Shoals:1 | Lost mutation: Your body is covered in eyes which may
                  | confuse attackers. (Acc +7, SInv) [Jiyva's grace]
 22436 | Shoals:1 | Gained mutation: You expend magic power (3 MP) to
                  | strengthen your wands. [Jiyva's grace]
 22436 | Shoals:1 | Gained mutation: Your mind is acute. (Int +4, Str/Dex -1)
                  | [Jiyva's grace]
 22436 | Shoals:1 | Gained mutation: Your mind is very acute. (Int +8, Str/Dex
                  | -2) [Jiyva's grace]
 22436 | Shoals:1 | Gained mutation: Your rubbery body absorbs attacks. (AC +1,
                  | EV +1) [Jiyva's grace]
 22762 | Shoals:2 | Noticed Polyphemus
 22767 | Shoals:2 | Slimified Polyphemus
 22767 | Shoals:2 | Polyphemus changed into Polyphemus the azure jelly
 22767 | Shoals:2 | Noticed Polyphemus
 22773 | Shoals:2 | Reached skill level 13 in Fighting
 22870 | Shoals:2 | Noticed Nikola
 22877 | Shoals:2 | Killed Nikola
 22987 | Shoals:2 | Found a glacial archway.
 23010 | IceCv    | Entered an ice cave
 23126 | IceCv    | Identified the +0 pair of boots of Responsibility {Int+4
                  | SInv}
 23365 | IceCv    | Noticed a shard shrike
 23369 | IceCv    | Killed a shard shrike
 23878 | Vaults:1 | Entered Level 1 of the Vaults
 23899 | Vaults:1 | Reached skill level 5 in Long Blades
 24058 | Vaults:1 | Reached XP level 17. HP: 179/179 MP: 30/30
 24134 | Vaults:1 | Reached skill level 14 in Fighting
 24136 | Vaults:1 | Noticed a tentacled monstrosity
 24140 | Vaults:1 | Lost mutation: Your health recovers twice as slowly from
                  | being drained. [a cacodemon]
 24144 | Vaults:1 | Killed a tentacled monstrosity
 24147 | Vaults:1 | Noticed a tentacled monstrosity
 24148 | Vaults:1 | Noticed a tentacled monstrosity
 24378 | Vaults:1 | Found a runed translucent gate.
 24378 | Vaults:1 | Found a runed translucent gate.
 24379 | Vaults:1 | Found a runed translucent gate.
 24379 | Vaults:1 | Noticed a tentacled monstrosity
 24460 | Vaults:1 | Lost mutation: You have large cloven feet. [Jiyva's grace]
 24460 | Vaults:1 | Lost mutation: Your flesh is heat resistant. (rF+) [Jiyva's
                  | grace]
 24460 | Vaults:1 | Lost mutation: You are extremely robust. (+30% HP) [Jiyva's
                  | grace]
 24460 | Vaults:1 | Lost mutation: You are very robust. (+20% HP) [Jiyva's
                  | grace]
 24460 | Vaults:1 | Lost mutation: You expend magic power (3 MP) to strengthen
                  | your wands. [Jiyva's grace]
 24460 | Vaults:1 | Gained mutation: Your flesh is heat resistant. (rF+)
                  | [Jiyva's grace]
 24460 | Vaults:1 | Gained mutation: Your flesh is very heat resistant. (rF++)
                  | [Jiyva's grace]
 24460 | Vaults:1 | Gained mutation: Your flesh is almost immune to the effects
                  | of heat. (rF+++) [Jiyva's grace]
 24460 | Vaults:1 | Gained mutation: You have an increased reservoir of magic.
                  | (+10% MP) [Jiyva's grace]
 24523 | Vaults:1 | Killed a tentacled monstrosity
 24750 | Vaults:1 | Killed a tentacled monstrosity
 24771 | Vaults:1 | Found Dimel's Armour Boutique.
 25010 | Vaults:1 | Killed a tentacled monstrosity
 25011 | Vaults:1 | Reached skill level 15 in Armour
 25442 | Vaults:2 | Found Jyileuxeo's General Store.
 25449 | Vaults:2 | Bought a potion of curing for 57 gold pieces
 26313 | Vaults:3 | Found a staircase to the Crypt.
 26595 | Vaults:3 | Lost mutation: Your mind is very acute. (Int +8, Str/Dex
                  | -2) [Jiyva's grace]
 26595 | Vaults:3 | Lost mutation: You are robust. (+10% HP) [Jiyva's grace]
 26595 | Vaults:3 | Lost mutation: Your rubbery body absorbs attacks. (AC +1,
                  | EV +1) [Jiyva's grace]
 26595 | Vaults:3 | Lost mutation: You have a small jelly attached to you that
                  | senses nearby items. [Jiyva's grace]
 26595 | Vaults:3 | Gained mutation: You have hidden genetic potential.
                  | [Jiyva's grace]
 26595 | Vaults:3 | Gained mutation: You have great hidden genetic potential.
                  | [Jiyva's grace]
 26595 | Vaults:3 | Gained mutation: You have a pair of large antennae on your
                  | head. (SInv) [Jiyva's grace]
 26595 | Vaults:3 | Gained mutation: Your mind is very acute. (Int +8, Str/Dex
                  | -2) [Jiyva's grace]
 26614 | Vaults:3 | Found a magical portal.
 26631 | WizLab   | Entered Doroklohe's Tomb
 26880 | WizLab   | Lost mutation: You have acidic saliva. [a neqoxec]
 26913 | Vaults:3 | Reached skill level 15 in Fighting
 26913 | Vaults:3 | Reached skill level 10 in Spellcasting
 27068 | Vaults:3 | Gained mutation: You punish those that try to bend your
                  | will. (Will+) [demonic ancestry]
 27068 | Vaults:3 | Reached XP level 18. HP: 131/149 MP: 35/35
 27070 | Vaults:3 | Identified the +9 arbalest of the Ten Suns {speed, *Slow
                  | Dex+3 SInv}
 27381 | D:4      | Bought a +0 buckler of poison resistance for 102 gold
                  | pieces
 27381 | D:4      | Bought 2 curare-tipped darts for 28 gold pieces
 27936 | Snake:1  | Identified the serpent talisman of Idealism {rC- rCorr
                  | Str+4 Int+3}
 27936 | Snake:1  | Noticed Aizul
 27944 | Snake:1  | Killed Aizul
 28136 | Snake:1  | Reached skill level 1 in Shields
 29169 | Snake:3  | Lost mutation: Your mind is very acute. (Int +8, Str/Dex
                  | -2) [Jiyva's grace]
 29169 | Snake:3  | Lost mutation: Your mind is acute. (Int +4, Str/Dex -1)
                  | [Jiyva's grace]
 29169 | Snake:3  | Lost mutation: You have an increased reservoir of magic.
                  | (+10% MP) [Jiyva's grace]
 29169 | Snake:3  | Lost mutation: Your muscles are very strong. (Str +8,
                  | Int/Dex -2) [Jiyva's grace]
 29169 | Snake:3  | Gained mutation: You have a small jelly attached to you
                  | that senses nearby items. [Jiyva's grace]
 29169 | Snake:3  | Gained mutation: You are robust. (+10% HP) [Jiyva's grace]
 29169 | Snake:3  | Gained mutation: You are very robust. (+20% HP) [Jiyva's
                  | grace]
 29169 | Snake:3  | Gained mutation: You are extremely robust. (+30% HP)
                  | [Jiyva's grace]
 29317 | Snake:3  | Found Finuor's Book Boutique.
 29723 | Snake:4  | Entered Level 4 of the Snake Pit
 29723 | Snake:4  | Noticed Bai Suzhen
 29743 | Snake:3  | Killed Bai Suzhen
 30234 | Snake:4  | Reached skill level 5 in Shields
 30477 | Snake:4  | Got a serpentine rune of Zot
 30547 | Snake:4  | Lost mutation: Your flesh is almost immune to the effects
                  | of heat. (rF+++) [Jiyva's grace]
 30547 | Snake:4  | Lost mutation: Your muscles are strong. (Str +4, Int/Dex
                  | -1) [Jiyva's grace]
 30547 | Snake:4  | Lost mutation: Your body has grown many eyes which may
                  | confuse attackers. (Acc +5) [Jiyva's grace]
 30547 | Snake:4  | Lost mutation: You have great hidden genetic potential.
                  | [Jiyva's grace]
 30547 | Snake:4  | Gained mutation: Your flesh is cold resistant. (rC+)
                  | [Jiyva's grace]
 30547 | Snake:4  | Gained mutation: Your flesh is very cold resistant. (rC++)
                  | [Jiyva's grace]
 30547 | Snake:4  | Gained mutation: Your flesh is almost immune to the effects
                  | of cold. (rC+++) [Jiyva's grace]
 30547 | Snake:4  | Gained mutation: You possess an exceptional clarity of
                  | mind. [Jiyva's grace]
 30608 | Snake:4  | Found Lijaur's Jewellery Shoppe.
 30608 | Snake:4  | Found Uhatulon's Book Boutique.
 30610 | Snake:4  | Found Mopant's Jewellery Shoppe.
 30624 | Snake:4  | Bought the ring "Adwu" {rF+ EV+5 Int+3 Stlth+} for 1241
                  | gold pieces
 30761 | Lair:2   | Learned a level 6 spell: Summon Cactus Giant
 31073 | Shoals:3 | Found a transporter.
 31086 | Shoals:3 | Noticed Mara
 31087 | Shoals:3 | Found a transporter.
 31095 | Shoals:3 | Noticed dialectric's illusion
 31097 | Shoals:3 | Killed Mara
 31098 | Shoals:3 | Reached skill level 10 in Summonings
 31112 | Shoals:3 | Gained mutation: Your movements are slightly less
                  | encumbered by armour. (ER -2) [hidden potential]
 31256 | Shoals:4 | Entered Level 4 of the Shoals
 31513 | Shoals:4 | Got a barnacled rune of Zot
 32102 | Crypt:1  | Entered Level 1 of the Crypt
 32302 | Vaults:3 | Gained mutation: You are completely covered in sharp
                  | spines. [demonic ancestry]
 32302 | Vaults:3 | Reached XP level 19. HP: 179/197 MP: 33/33
 32381 | Vaults:3 | Reached skill level 10 in Long Blades
 33139 | Vaults:4 | Lost mutation: Your flesh is almost immune to the effects
                  | of cold. (rC+++) [Jiyva's grace]
 33139 | Vaults:4 | Lost mutation: Your flesh is very heat resistant. (rF++)
                  | [Jiyva's grace]
 33139 | Vaults:4 | Lost mutation: You are extremely robust. (+30% HP) [Jiyva's
                  | grace]
 33139 | Vaults:4 | Gained mutation: Your mind is acute. (Int +4, Str/Dex -1)
                  | [Jiyva's grace]
 33139 | Vaults:4 | Gained mutation: Your mind is very acute. (Int +8, Str/Dex
                  | -2) [Jiyva's grace]
 33139 | Vaults:4 | Gained mutation: You are agile. (Dex +4, Str/Int -1)
                  | [Jiyva's grace]
 33139 | Vaults:4 | Gained mutation: You are very agile. (Dex +8, Str/Int -2)
                  | [Jiyva's grace]
 33441 | Vaults:4 | Identified the +8 war axe "Sarphewk" {elec, Fly Stlth+}
 33503 | Vaults:4 | Identified the +0 pair of boots "Xuesuunn" {rElec rPois
                  | Int-4 Dex+5}
 34093 | Vaults:5 | Entered Level 5 of the Vaults
 34122 | Vaults:4 | Gained mutation: You are extremely robust. (+30% HP)
                  | [hidden potential]
 34122 | Vaults:4 | Lost mutation: You have hidden genetic potential. [hidden
                  | potential expressed]
 34165 | Vaults:4 | Reached skill level 10 in Shields
 34235 | Vaults:5 | Noticed an ancient lich
 34392 | Vaults:5 | Reached XP level 20. HP: 115/210 MP: 34/34
 34401 | Vaults:5 | Noticed a dread lich
 34402 | Vaults:5 | Identified the +1 ring mail "Vaatavem" {rN++ Dex+4}
 34402 | Vaults:5 | Killed an ancient lich
 34407 | Vaults:5 | Noticed a golden dragon
 34842 | Elf:1    | Got Sif Muna's Vellum of Creative Percussion
 35126 | Elf:1    | Found Seurgh's Distillery.
 35130 | Elf:1    | Bought a potion of heal wounds for 75 gold pieces
 35130 | Elf:1    | Bought a potion of heal wounds for 75 gold pieces
 35613 | Elf:2    | Found a runed translucent gate.
 35613 | Elf:2    | Found a runed translucent gate.
 35614 | Elf:2    | Found a runed translucent gate.
 35680 | Elf:2    | Reached skill level 16 in Fighting
 35875 | Elf:2    | Lost mutation: You have a pair of large antennae on your
                  | head. (SInv) [Jiyva's grace]
 35875 | Elf:2    | Lost mutation: You are very agile. (Dex +8, Str/Int -2)
                  | [Jiyva's grace]
 35875 | Elf:2    | Lost mutation: You possess an exceptional clarity of mind.
                  | [Jiyva's grace]
 35875 | Elf:2    | Lost mutation: Your mind is very acute. (Int +8, Str/Dex
                  | -2) [Jiyva's grace]
 35875 | Elf:2    | Lost mutation: Your mind is acute. (Int +4, Str/Dex -1)
                  | [Jiyva's grace]
 35875 | Elf:2    | Lost mutation: Your flesh is very cold resistant. (rC++)
                  | [Jiyva's grace]
 35875 | Elf:2    | Lost mutation: You are extremely robust. (+30% HP) [Jiyva's
                  | grace]
 35875 | Elf:2    | Lost mutation: Your body has grown eyes which may confuse
                  | attackers. (Acc +3) [Jiyva's grace]
 35875 | Elf:2    | Lost mutation: Your movements are slightly less encumbered
                  | by armour. (ER -2) [Jiyva's grace]
 35875 | Elf:2    | Gained mutation: Your muscles are strong. (Str +4, Int/Dex
                  | -1) [Jiyva's grace]
 35875 | Elf:2    | Gained mutation: Your muscles are very strong. (Str +8,
                  | Int/Dex -2) [Jiyva's grace]
 35875 | Elf:2    | Gained mutation: Armour fits poorly on your pseudopods.
                  | [Jiyva's grace]
 35875 | Elf:2    | Gained mutation: Armour fits poorly on your large
                  | pseudopods. [Jiyva's grace]
 36581 | Elf:3    | Entered Level 3 of the Elven Halls
 36599 | Elf:3    | Found Viets's Assorted Antiques.
 36600 | Elf:3    | Found Nybriega's Jewellery Emporium.
 36633 | Elf:3    | Bought a pitted steel ring for 125 gold pieces
 36633 | Elf:3    | Identified the ring "Uwuypamo" {Ice rCorr SInv} (You bought
                  | it in a shop on level 3 of the Elven Halls)
 36643 | Elf:3    | Bought the ring "Xiczits" {+Blink Str+3 Dex+6 SInv} for 847
                  | gold pieces
 36920 | Elf:3    | Found Cuherumn's Magic Scroll Boutique.
 36929 | Elf:3    | Bought a scroll of teleportation for 39 gold pieces
 36929 | Elf:3    | Bought a scroll of blinking for 97 gold pieces
 37176 | Elf:3    | Identified the +8 arbalest of Boqoahidgh {antimagic, rC+
                  | Int+3}
 37176 | Elf:3    | Identified the +7 arbalest "Baatix" {freeze, rElec Will+
                  | Str+4}
 37239 | Elf:3    | Found the +8 lance "Wyrmbane" {slay drac, rPois rF+ rC+
                  | AC+3}
 37270 | Elf:3    | Identified the staff of Siplizi {rF- rCorr Dex+4 Conj}
 37284 | Elf:3    | Got the Precepts of the Eleven Friends
 37388 | Elf:3    | Got the Vellum of Called Bolts
 37907 | D:15     | Found a staircase to the Depths.
 38067 | Depths:1 | Entered Level 1 of the Depths
 38133 | D:15     | Gained mutation: You have a pair of large antennae on your
                  | head. (SInv) [demonic ancestry]
 38133 | D:15     | Reached XP level 21. HP: 176/206 MP: 36/36
 38259 | Depths:1 | Found a gateway to Hell.
 38349 | Depths:1 | Lost mutation: Your muscles are very strong. (Str +8,
                  | Int/Dex -2) [Jiyva's grace]
 38349 | Depths:1 | Gained mutation: Your system is resistant to poisons.
                  | (rPois) [Jiyva's grace]
 38349 | Depths:1 | Gained mutation: Your rubbery body absorbs attacks. (AC +1,
                  | EV +1) [Jiyva's grace]
 38349 | Depths:1 | Gained mutation: Your pliable body absorbs attacks. (AC +2,
                  | EV +2) [Jiyva's grace]
 38349 | Depths:1 | Gained mutation: Your gelatinous body deflects attacks. (AC
                  | +3, EV +3) [Jiyva's grace]
 38424 | Depths:1 | Identified the ring of Rationality {EV+5 Str+3 Dex+2}
 38496 | Depths:1 | Found a broken altar of Ashenzari.
 38578 | Depths:1 | Identified the +0 scale mail "Yfiusch" {rPois Str+2}
 38792 | Depths:1 | Found a one-way gate to the infinite horrors of the Abyss.
 38924 | Depths:2 | Found a one-way gate leading to the halls of Pandemonium.
 38940 | Depths:2 | Identified the +7 chain mail of the Engineer {Str+3 Int+5
                  | Dex-2}
 39442 | Depths:2 | Noticed Asterion
 39452 | Depths:2 | Killed Asterion
 39646 | Depths:2 | Reached skill level 17 in Fighting
 39777 | Depths:2 | Found Jiuqos's Antique Armour Emporium.
 39793 | Depths:2 | Lost mutation: Your gelatinous body deflects attacks. (AC
                  | +3, EV +3) [Jiyva's grace]
 39793 | Depths:2 | Lost mutation: Your pliable body absorbs attacks. (AC +2,
                  | EV +2) [Jiyva's grace]
 39793 | Depths:2 | Lost mutation: Armour fits poorly on your large pseudopods.
                  | [Jiyva's grace]
 39793 | Depths:2 | Gained mutation: Your flesh is very cold resistant. (rC++)
                  | [Jiyva's grace]
 39793 | Depths:2 | Gained mutation: Your flesh is almost immune to the effects
                  | of cold. (rC+++) [Jiyva's grace]
 39793 | Depths:2 | Gained mutation: Your flesh is very heat resistant. (rF++)
                  | [Jiyva's grace]
 39793 | Depths:2 | Gained mutation: Your flesh is almost immune to the effects
                  | of heat. (rF+++) [Jiyva's grace]
 40060 | Depths:3 | Identified the ring of the Coward {Ice rN++ Int-2 Dex+3}
 40060 | Depths:3 | Noticed Josephina
 40225 | Hell     | Entered the Vestibule of Hell
 40235 | Hell     | Noticed Geryon
 40236 | Hell     | Noticed Murray
 40242 | Hell     | Found a gateway to the freezing wastes of Cocytus.
 40382 | Hell     | Reached skill level 15 in Long Blades
 40448 | Hell     | Reached skill level 10 in Fire Magic
 41367 | Vaults:5 | Killed a dread lich
 41368 | Vaults:5 | Gained mutation: Your demonic aura causes all spilled blood
                  | to erupt in flames. [demonic ancestry]
 41368 | Vaults:5 | Reached XP level 22. HP: 39/218 MP: 38/38
 41444 | Vaults:5 | Identified the ring "Qycvony" {rPois rCorr Dex+3}
 41673 | Vaults:5 | Identified the +4 helmet "Ittaz" {rElec rCorr}
 41820 | Vaults:5 | Reached skill level 5 in Short Blades
 41820 | Vaults:5 | Noticed a golden dragon
 41826 | Vaults:5 | Identified the ring of Wuhejoips {rPois rN+ Will+ SInv}
 41914 | Vaults:4 | Killed a golden dragon
 42075 | Vaults:5 | Got a silver rune of Zot
 42087 | Vaults:5 | Identified the +6 dagger "Vyisotucw" {distort, ^Fragile
                  | rCorr Int+4 SInv}
 42097 | Vaults:5 | Identified the +2 robe "Xouvomoe" {rF+}
 42102 | Vaults:5 | Identified the staff "Yheraz" {rPois Will+ Stlth+ Alchemy}
 42109 | Vaults:5 | Identified the +8 trident of Ecasac {antimagic, rF+ Will+}
 42180 | Vaults:5 | Lost mutation: Your flesh is almost immune to the effects
                  | of cold. (rC+++) [Jiyva's grace]
 42180 | Vaults:5 | Lost mutation: Your system is resistant to poisons. (rPois)
                  | [Jiyva's grace]
 42180 | Vaults:5 | Lost mutation: You are very robust. (+20% HP) [Jiyva's
                  | grace]
 42180 | Vaults:5 | Gained mutation: Your pliable body absorbs attacks. (AC +2,
                  | EV +2) [Jiyva's grace]
 42180 | Vaults:5 | Gained mutation: Your gelatinous body deflects attacks. (AC
                  | +3, EV +3) [Jiyva's grace]
 42180 | Vaults:5 | Gained mutation: Your spells are a little harder to cast,
                  | but a little more powerful. [Jiyva's grace]
 42180 | Vaults:5 | Gained mutation: Your spells are harder to cast, but more
                  | powerful. [Jiyva's grace]
 42297 | Vaults:5 | Killed a golden dragon
 42428 | Vaults:5 | Got the Octavo of Fulmination and Minerals
 42572 | Vaults:2 | Identified the +0 robe of Day {rPois Str+6 Archmagi}
 42902 | Snake:3  | Bought the Essays on Oxidation for 608 gold pieces
 42906 | Snake:3  | Learned a level 3 spell: Inner Flame
 43336 | Depths:3 | HP: 7/185 [Josephina/seracfall (20)]
 43338 | Depths:3 | Hit by a large rock thrown by a stone giant

Illustrated notes

Levels and vault maps discovered:
D:1:      saegor_arrival_simple_c, layout_basic
D:2:      layout_basic, uniq_jessica, uniq_robin
D:3:      layout_loops_ring, cheibrodos_sewer_entry_drain
D:4:      layout_basic, okawaru_altar_gauntlet_db,
          mainiacjoe_overflow_boulevard, hellmonk_ghost_happy_afterlife,
          chequers_ossuary_entry_cave, guppyfry_shop_venom
D:5:      layout_cave_pods
D:6:      layout_basic, mainiacjoe_overflow_alcove_4, uniq_edmund
D:7:      minmay_the_grid_plus [minmay_the_grid_holed_spiral,
          minmay_the_grid_aliased_spiral, minmay_the_grid_garden,
          minmay_the_grid_fan, minmay_the_grid_prize_big_room],
          layout_layer_cave, minmay_temple_entry_statues_fountains,
          gammafunk_ghost_icy, minivault_23
D:8:      layout_basic, nicolae_overflow_hidden_temple, serial_undead,
          serial_undead_c, serial_undead_e, serial_undead_c, serial_undead_b,
          uniq_erica
D:9:      layout_layer_cave, uniq_grum, uniq_psyche, uniq_maggie
D:10:     layout_rooms, mainiacjoe_overflow_catwalk,
          due_lair_maze_entry_diamond, serial_shops, shop, minmay_crystal_room
D:11:     layout_irregular_city
D:12:     layout_stronghold, orc_0_dummy, uniq_rupert, uniq_nergalle
D:13:     layout_long_grid
D:14:     layout_loops_ring, david_vaults_4, minmay_diced_spiral
D:15:     gammafunk_enter_depths_forms, layout_irregular_city, serial_shops,
          shop_statue, nzn_wu_jian_contemplation
Lair:1:   layout_layer_cave, st_stairs_9, lemuel_oklob_altar
Lair:2:   layout_concentric_octagons, minmay_shoals_entry_hut,
          minmay_snake_entry_guardpost_small, gauntlet_entry_generic,
          basic_altar, minmay_holes, lemuel_fruit_fields, uniq_prince_ribbit2
Lair:3:   onia_ninara_swampy_vault, layout_chaotic_city
Lair:4:   layout_small_grid, nicolae_volcano_entry_two_sided,
          grunt_megastairs_5, infiniplex_staircase_pool_2
Lair:5:   cheibrodos_lair_end_hotspot, layout_regular_city, slime_entry_1,
          hellmonk_guarded_unrand_seven_league_boots
Shoals:1: layout_shoals
Shoals:2: layout_shoals, portal_ice_cave_entry_frozen_things, st_sunken_temple,
          uniq_nikola, uniq_polyphemus
Shoals:3: gammafunk_sealed_arena, layout_shoals, uniq_mara
Shoals:4: shoals_end_grunt_ice, layout_shoals, serial_shops,
          nicolae_shop_hallway_plus
Snake:1:  layout_layer_cave, grunt_megastairs_2, uniq_jorgrun, uniq_kirke,
          uniq_aizul
Snake:2:  layout_chambers, nicolae_integral_box
Snake:3:  layout_misc_corridors, serial_shops, shop
Snake:4:  hellmonk_snake_rune_quicksilver_temple, layout_chambers, special_room,
          drop_trap, minmay_shop_grove, grunt_megastairs_3, uniq_vashnia,
          uniq_bai_suzhen
Slime:1:  layout_caves
Slime:2:  layout_caves, basic_altar
Slime:3:  layout_caves
Slime:4:  nicolae_slime_pool, layout_caves
Slime:5:  slime_pit_nicolae_inversion, uniq_dissolution
Orc:1:    layout_caves, mainiacjoe_minedec_watcher_in_the_water,
          nicolae_orc_pool_cavern, mines1_david
Orc:2:    st_orc_ogre_mass, layout_diamond_mine, led_sif_book
Elf:1:    minmay_elf_arrival_circle, layout_loops_cross, serial_shops,
          nicolae_shop_real_fake_doors, minmay_elf_sorcery, grunt_ministairs_9,
          amethyst_killhole, drop_trap, minmay_misc_feat_pillars
Elf:2:    elven_hall_of_blades_hangedman_original
          [nicolae_blade_entry_sentries_behind_glass], layout_loops_corners
Elf:3:    elf_hall_gauntlet_wide, layout_geoelf_diagonals, serial_shops,
          shop_scrolls, minmay_shoptagon
Vaults:1: ploomutoo_gammafunk_ghost_potion_laboratory,
          nicolae_vaults_more_shelving_2, hangedman_vaults_pinch,
          nicolae_vaults_network_quinsquares
          [nicolae_vaults_network_quincunx_subvault,
          nicolae_vaults_network_quincunx_subvault,
          nicolae_vaults_network_quincunx_subvault,
          nicolae_vaults_network_quincunx_subvault], v_pattern_2, v_misc_16,
          nicolae_vaults_closet_pinwheel_4, ontoclasm_vaults_chip,
          layout_vaults_omnigrid, serial_shops, shop
Vaults:2: nicolae_vaults_closet_pinwheel_1, ontoclasm_vaults_gateway,
          nicolae_vaults_tetromino_Z_1, nicolae_vaults_little_squares_1,
          nicolae_vaults_layer_cake_slice, nicolae_vaults_angled_halls,
          hangedman_vaults_trim, nicolae_vaults_turnstiles,
          grunt_vaults_diagonal, lightli_orcish_oven, v_misc_16,
          nicolae_vaults_sealed_display, layout_vaults_omnicross, serial_shops,
          shop_statue
Vaults:3: mu_enter_wizlab_6, nicolae_vaults_network_quincunx
          [nicolae_vaults_network_quincunx_subvault,
          nicolae_vaults_network_quincunx_subvault,
          nicolae_vaults_network_quincunx_subvault,
          nicolae_vaults_network_quincunx_subvault,
          nicolae_vaults_network_quincunx_subvault],
          nicolae_vaults_tetromino_Z_2, nicolae_vaults_circle_grid_b,
          blue_anna_dwarven_crypt, nicolae_vaults_windows_and_doors_thing,
          grunt_vaults_twisty, nicolae_vaults_what_the_h,
          nicolae_vaults_tetromino_T_1, nicolae_vaults_big_ls, v_misc_30,
          v_misc_22, nicolae_vaults_asterisk, nicolae_vaults_two_Ls,
          layout_vaults_maze_bifur
Vaults:4: nicolae_vaults_little_squares_4, v_misc_14, v_misc_11,
          nicolae_vaults_trapezoid_layered, nicolae_vaults_cochlea,
          nicolae_vaults_sightless_eye, ontoclasm_vaults_ring_square,
          vaults_room_pool, nicolae_vaults_network_periphery,
          nicolae_vaults_apartment_1, nicolae_vaults_network_star,
          hangedman_vaults_nodes, v_misc_18, nicolae_vaults_little_squares_5,
          layout_vaults_omnibox
Vaults:5
Crypt:1:  layout_misc_corridors, columned_hall_lemuel, item_on_display_a,
          grunt_crypt_arrival_split
Depths:1: minmay_inner_zag, layout_cave_pools, hell_entry,
          nicolae_abyss_entry_one_way_or_another, evilmike_ruin_ashenzari,
          serial_bayou_shore_b
Depths:2: regret_index_all_hallows'_manor, layout_cave_shapes, pan_entry,
          serial_shops, nicolae_shop_tiny_statue_garden,
          minmay_misc_feat_nine_boxes, pf_hell_entry_tar_river, uniq_asterion
Depths:3: hangedman_cross_cluster, layout_honeycomb, enter_ziggurat_d,
          rand_demon_pan_entry_8, regret_index_abyss_entry_earlier_magic,
          serial_bayou_ford_a, hell_entry, minmay_staircase_windowed_small,
          uniq_josephina
Hell

Skill      XL: |  1  2  3  4  5  6  7  8  9 10 11 12 13 14 15 16 17 18 19 20 21 22 |
---------------+-------------------------------------------------------------------+-----
Evocations     | 2 |  2.1
Polearms       | 2 3 4 5 6 7 8 9 |  9.2
Armour         | 2 3 4 5 6 7 8 9 10 12 14 15 16 | 16.1
Fighting       | 3 4 5 6 8 9 10 11 12 13 15 16 17 | 17.7
Ranged Weapons | 5 6 7 8 10 11 | 11.3
Dodging        | 1 2 4 5 6 7 9 10 11 | 11.1
Spellcasting   | 1 3 5 6 8 9 10 11 12 13 | 13.3
Short Blades   | 2 4 6 |  6.0
Summonings     | 2 5 6 7 8 10 11 | 11.1
Fire Magic     | 2 4 6 8 9 10 | 10.9
Long Blades    | 2 5 8 9 11 13 15 16 | 16.2
Shields        | 7 10 11 12 13 | 13.0

Action                     |  1- 3 |  4- 6 |  7- 9 | 10-12 | 13-15 | 16-18 | 19-21 | 22-24 || total
---------------------------+-------+-------+-------+-------+-------+-------+-------+-------++-------
  Melee: Short sword       |       |       |       |   309 |  1784 |       |       |       ||  2093
         Bite              |       |       |       |    71 |   105 |   120 |       |       ||   296
         Falchion          |       |       |       |       |   158 |   998 |  1278 |   170 ||  2604
         Pseudopods        |       |       |       |       |       |       |   280 |    59 ||   339
   Fire: Sling             |   104 |   130 |   201 |   297 |       |       |       |       ||   732
         Arbalest          |       |       |       |       |       |       |    19 |       ||    19
  Throw: Dart              |       |       |       |       |       |     1 |       |       ||     1
   Cast: Summon Blazeheart |       |       |       |       |       |    32 |       |       ||    32
         Summon Cactus Gia |       |       |       |       |       |     2 |    40 |     4 ||    46
 Invoke: Slimify           |       |       |       |     3 |     6 |     3 |     2 |       ||    14
  Evoke: Wand              |       |       |     2 |     4 |     1 |     4 |       |     1 ||    12
         Lightning rod     |       |       |       |     1 |     1 |     2 |     2 |     1 ||     7
         Sack of spiders   |       |       |       |       |     3 |     3 |     1 |       ||     7
         Phial of floods   |       |       |       |       |     1 |       |     2 |       ||     3
         Phantom mirror    |       |       |       |       |       |       |     1 |       ||     1
    Use: Scroll            |     1 |     1 |     5 |     7 |    13 |    12 |    15 |     8 ||    62
         Potion            |       |       |       |     1 |    10 |     6 |     4 |     1 ||    22
   Stab: Confused          |       |       |       |    17 |    92 |    16 |     4 |       ||   129
         Distracted        |       |       |       |       |     1 |     2 |     2 |       ||     5
         Sleeping          |       |       |       |       |       |     2 |     2 |       ||     4
         Paralysed         |       |       |       |       |       |       |     3 |       ||     3
         Fleeing           |       |       |       |       |       |       |     1 |       ||     1
 Armour: Leather armour    |    40 |    28 |    71 |     9 |       |       |       |       ||   148
         Scale mail        |       |       |       |   225 |       |       |       |       ||   225
         Skin              |       |       |       |    24 |       |       |       |       ||    24
         Ring mail         |       |       |       |    17 |   938 |   940 |    28 |       ||  1923
         Quicksilver drago |       |       |       |       |       |   159 |   810 |   107 ||  1076
         Storm dragon scal |       |       |       |       |       |       |   107 |       ||   107
  Dodge: Dodged            |    24 |    39 |   149 |   533 |  1513 |  1550 |  1571 |   136 ||  5515
  Block: Other             |       |       |       |       |   234 |    16 |       |       ||   250
         Buckler           |       |       |       |       |       |   143 |   245 |       ||   388
         Kite shield       |       |       |       |       |       |       |   735 |   158 ||   893

Table legend: (Time is in decaauts)
 A = Elapsed time spent in this place.
 B = Non-inter-level travel time spent in this place.
 C = Inter-level travel time spent in this place.
 D = Time resting spent in this place.
 E = Time spent auto-exploring this place.
 F = Levels seen in this place.
 G = Mean time per level.
                   A        B        C        D        E       F      G
               +--------+--------+--------+--------+--------+-----+--------+
         Total |  44379 |  39131 |   5248 |    924 |  23666 |  54 |  821.8 |
       Dungeon |  13713 |  11605 |   2108 |     26 |   8574 |  15 |  914.2 |
          Lair |   6980 |   5891 |   1089 |    158 |   3736 |   5 | 1396.0 |
        Shoals |   2099 |   1960 |    139 |    121 |    703 |   4 |  524.8 |
     Snake Pit |   4206 |   3839 |    367 |     84 |   2346 |   4 | 1051.5 |
    Slime Pits |    512 |    462 |     50 |      0 |    357 |   5 |  102.4 |
  Orcish Mines |   1427 |   1321 |    106 |     23 |    882 |   2 |  713.5 |
   Elven Halls |   2947 |   2733 |    214 |     47 |   1670 |   3 |  982.3 |
        Vaults |   7475 |   6629 |    846 |    359 |   3730 |   5 | 1495.0 |
         Crypt |    301 |    251 |     50 |      0 |     41 |   1 |  301.0 |
        Depths |   2279 |   2004 |    275 |     28 |   1073 |   3 |  759.7 |
          Hell |    453 |    453 |      0 |     43 |      0 |   1 |  453.0 |
         Sewer |    304 |    304 |      0 |     35 |    157 |   1 |  304.0 |
       Ossuary |    246 |    246 |      0 |      0 |     98 |   1 |  246.0 |
      Ice Cave |    540 |    540 |      0 |      0 |     96 |   1 |  540.0 |
       Volcano |    286 |    286 |      0 |      0 |     37 |   1 |  286.0 |
        Wizlab |    275 |    275 |      0 |      0 |    107 |   1 |  275.0 |
      Gauntlet |    328 |    328 |      0 |      0 |     56 |   1 |  328.0 |
               +--------+--------+--------+--------+--------+-----+--------+

Top non-repeatable levels by time:
Vaults:1: 1945 daAuts
  Lair:1: 1795 daAuts
Vaults:3: 1578 daAuts
Vaults:4: 1504 daAuts
  Lair:2: 1504 daAuts
 Snake:1: 1502 daAuts
  Lair:5: 1480 daAuts
Depths:2: 1417 daAuts
    D:12: 1377 daAuts
Vaults:2: 1273 daAuts
    D:14: 1264 daAuts
Vaults:5: 1173 daAuts
     D:4: 1145 daAuts
  Lair:4: 1125 daAuts
     D:9: 1124 daAuts
